IL
COLUMBUS CLIPPERS @ INDIANAPOLIS INDIANS
05/22/2099
 
TOP OF THE 1ST
Columbus Clippers batting - Pitching for Indianapolis Indians : RHP Bill Gourd
Pitching: RHP Bill Gourd
Batting: RHB John Walko 0-0: Called Strike
0-1: Called Strike
0-2: SINGLE (Line Drive, 78S, EV 101.9 MPH)
Batting: RHB Alex Avelar 0-0: Called Strike
0-1: Ball
John Walko steals 2nd base
1-1: Ball
2-1: Called Strike
2-2: Ground out 5-3 (Groundball, 5, EV 79.4 MPH)
Batting: RHB Brian Ruble 0-0: Foul Ball, location: 2F
0-1: SINGLE (Line Drive, 89S, EV 94.4 MPH)
John Walko to third
Batting: LHB Donny Liebler 0-0: Ball
1-0: Called Strike
1-1: Foul Ball, location: 2F
1-2: Ball
2-2: Foul Ball, location: 2F
2-2: Foul Ball, location: 2F
2-2: Strikes out looking
Batting: RHB Bill Meller 0-0: Called Strike
0-1: Foul Ball, location: 5F
0-2: Foul Ball, location: 25FF
0-2: Foul Ball, location: 5FF
0-2: Strikes out looking
Top of the 1st over - 0 runs, 2 hits, 0 errors, 2 left on base; Columbus 0 - Indianapolis 0
BOTTOM OF THE 1ST
Indianapolis Indians batting - Pitching for Columbus Clippers : RHP Gregg Peterson
Pitching: RHP Gregg Peterson
Batting: RHB Bryan Dannemiller 0-0: Ball
1-0: Ball
2-0: Swinging Strike
2-1: Swinging Strike
2-2: Foul Ball, location: 2F
2-2: Ground out 6-3 (Groundball, 6, EV 85.6 MPH)
Batting: RHB Andreas Frick 0-0: Ball
1-0: Foul Ball, location: 25F
1-1: Called Strike
1-2: DOUBLE (Line Drive, 7LM, EV 104.4 MPH)
Batting: RHB Kevin Wallace 0-0: Ball
1-0: Ball
2-0: Called Strike
2-1: Foul Ball, location: 9LSF
2-2: SINGLE (Groundball, 6MD, EV 100.6 MPH)
Andreas Frick to third
Runner from 3rd tries for Home, SAFE, throw by CF to home
Batting: RHB Mike Mellor 0-0: Fly out, F7 (Flyball, 78D, EV 85.6 MPH)
Batting: LHB Joe Williams 0-0: Called Strike
0-1: Foul Ball, location: 7LDF
0-2: Ball
1-2: Fly out, F9 (Flyball, 9LM, EV 108.1 MPH)
Bottom of the 1st over - 1 run, 2 hits, 0 errors, 1 left on base; Columbus 0 - Indianapolis 1
TOP OF THE 2ND
Columbus Clippers batting - Pitching for Indianapolis Indians : RHP Bill Gourd
Batting: LHB Zachary Moody 0-0: Called Strike
0-1: Called Strike
0-2: Ball
1-2: Fly out, F8 (Flyball, 78M, EV 89.4 MPH)
Batting: LHB Victor Zavala 0-0: Ball
1-0: Called Strike
1-1: Foul Ball, location: 2F
1-2: Foul Ball, location: 9LSF
1-2: Strikes out looking
Batting: RHB Chris Hubert 0-0: Ground out 4-3 (Groundball, 4S, EV 77.5 MPH)
Top of the 2nd over - 0 runs, 0 hits, 0 errors, 0 left on base; Columbus 0 - Indianapolis 1
BOTTOM OF THE 2ND
Indianapolis Indians batting - Pitching for Columbus Clippers : RHP Gregg Peterson
Batting: LHB Tommy Marcinczyk Jr. 0-0: Ball
1-0: Ball
2-0: Swinging Strike
2-1: Ball
3-1: Foul Ball, location: 2F
3-2: Fly out, F9 (Flyball, 89S, EV 98.1 MPH)
Batting: RHB Miguel Medina 0-0: Swinging Strike
0-1: Foul Ball, location: 7LDF
0-2: Foul Ball, location: 2F
0-2: Strikes out swinging
Batting: RHB Jeremiah Coleman 0-0: Called Strike
0-1: Foul Ball, location: 2F
0-2: Ground out 1-3 (Groundball, 13S, EV 67.5 MPH)
Bottom of the 2nd over - 0 runs, 0 hits, 0 errors, 0 left on base; Columbus 0 - Indianapolis 1
TOP OF THE 3RD
Columbus Clippers batting - Pitching for Indianapolis Indians : RHP Bill Gourd
Batting: RHB Jody Gibson 0-0: Foul Ball, location: 2F
0-1: Fly out, F4 (Popup, 23, EV 85.0 MPH)
Batting: RHB John Walko 0-0: Ball
1-0: Called Strike
1-1: Swinging Strike
1-2: Foul Ball, location: 5F
1-2: Ball
2-2: Ball
3-2: SINGLE (Groundball, 34D, EV 97.5 MPH)
Batting: RHB Alex Avelar 0-0: Called Strike
0-1: Ball
1-1: Swinging Strike
1-2: Fly out, F4 (Popup, 23, EV 85.6 MPH)
Batting: RHB Brian Ruble 0-0: Ball
1-0: Ball
John Walko steals 2nd base
2-0: Fly out, F4 (Popup, 34, EV 56.3 MPH)
Top of the 3rd over - 0 runs, 1 hit, 0 errors, 1 left on base; Columbus 0 - Indianapolis 1
BOTTOM OF THE 3RD
Indianapolis Indians batting - Pitching for Columbus Clippers : RHP Gregg Peterson
Batting: SHB Bob Peterson 0-0: Ball
1-0: Called Strike
1-1: Swinging Strike
1-2: Strikes out swinging
Batting: RHB Bryan Dannemiller 0-0: Ball
1-0: Ground out 4-3 (Groundball, 4MS, EV 86.3 MPH)
Batting: RHB Andreas Frick 0-0: Foul Ball, location: 2F
0-1: Foul Ball, location: 3F
0-2: Ball
1-2: Ball
2-2: Fly out, F7 (Line Drive, 7S, EV 91.9 MPH)
Bottom of the 3rd over - 0 runs, 0 hits, 0 errors, 0 left on base; Columbus 0 - Indianapolis 1
TOP OF THE 4TH
Columbus Clippers batting - Pitching for Indianapolis Indians : RHP Bill Gourd
Batting: LHB Donny Liebler 0-0: Ball
1-0: Fly out, F4 (Line Drive, 4, EV 72.5 MPH)
Batting: RHB Bill Meller 0-0: Ball
1-0: Ball
2-0: Foul Ball, location: 9LMF
2-1: Fly out, F3 (Popup, 34, EV 67.5 MPH)
Batting: LHB Zachary Moody 0-0: Ball
1-0: Ball
2-0: Ball
3-0: Base on Balls
Batting: LHB Victor Zavala 0-0: Ball
1-0: Called Strike
1-1: Ball
2-1: Foul Ball, location: 7LDF
2-2: Foul Ball, location: 3F
2-2: Fly out, F7 (Line Drive, 78M, EV 91.3 MPH)
Top of the 4th over - 0 runs, 0 hits, 0 errors, 1 left on base; Columbus 0 - Indianapolis 1
BOTTOM OF THE 4TH
Indianapolis Indians batting - Pitching for Columbus Clippers : RHP Gregg Peterson
Batting: RHB Kevin Wallace 0-0: Called Strike
0-1: Called Strike
0-2: Ball
1-2: Strikes out swinging
Batting: RHB Mike Mellor 0-0: Ball
1-0: Ground out 6-3 (Groundball, 6S, EV 80.0 MPH)
Batting: LHB Joe Williams 0-0: Ball
1-0: Called Strike
1-1: Ball
2-1: Foul Ball, location: 23F
2-2: Foul Ball, location: 2F
2-2: Ground out 4-3 (Groundball, 4M, EV 87.5 MPH)
Bottom of the 4th over - 0 runs, 0 hits, 0 errors, 0 left on base; Columbus 0 - Indianapolis 1
TOP OF THE 5TH
Columbus Clippers batting - Pitching for Indianapolis Indians : RHP Bill Gourd
Batting: RHB Chris Hubert 0-0: Ball
1-0: Called Strike
1-1: Ball
2-1: Swinging Strike
2-2: Ground out 6-3 (Groundball, 6, EV 86.3 MPH)
Batting: RHB Jody Gibson 0-0: Called Strike
0-1: Called Strike
0-2: Ball
1-2: Ball
2-2: Strikes out swinging
Batting: RHB John Walko 0-0: Ball
1-0: Ball
2-0: Called Strike
2-1: Foul Ball, location: 2F
2-2: Strikes out swinging
Top of the 5th over - 0 runs, 0 hits, 0 errors, 0 left on base; Columbus 0 - Indianapolis 1
BOTTOM OF THE 5TH
Indianapolis Indians batting - Pitching for Columbus Clippers : RHP Gregg Peterson
Batting: LHB Tommy Marcinczyk Jr. 0-0: Ground out 5-3 (Groundball, 15, EV 81.3 MPH)
Batting: RHB Miguel Medina 0-0: Foul Ball, location: 9LDF
0-1: Ball
1-1: DOUBLE (Flyball, 89D, EV 108.1 MPH)
Batting: RHB Jeremiah Coleman 0-0: Foul Ball, location: 2LF
0-1: Called Strike
0-2: Ball
1-2: Ball
2-2: Ball
3-2: Ground out 5-3 (Groundball, 5, EV 103.1 MPH)
Batting: SHB Bob Peterson 0-0: Ball
1-0: Swinging Strike
1-1: Ball
2-1: Foul Ball, location: 5DF
2-2: Fly out, F4 (Popup, 4S, EV 75.0 MPH)
Bottom of the 5th over - 0 runs, 1 hit, 0 errors, 1 left on base; Columbus 0 - Indianapolis 1
TOP OF THE 6TH
Columbus Clippers batting - Pitching for Indianapolis Indians : RHP Bill Gourd
Batting: RHB Alex Avelar 0-0: Ball
1-0: Ball
2-0: Foul Ball, location: 2F
2-1: Ball
3-1: Foul Ball, location: 2F
3-2: Foul Ball, location: 5F
3-2: Base on Balls
Pitching: RHP Dale Lydon
Batting: RHB Brian Ruble 0-0: Swinging Strike
0-1: Ball
1-1: Foul Ball, location: 2F
1-2: Grounds into double play, 6-4-3 (Groundball, 6, EV 78.8 MPH)
Batting: LHB Donny Liebler 0-0: Called Strike
0-1: Ball
1-1: Ball
2-1: Called Strike
2-2: Ball
3-2: Ground out 4-3 (Groundball, 34, EV 91.9 MPH)
Top of the 6th over - 0 runs, 0 hits, 0 errors, 0 left on base; Columbus 0 - Indianapolis 1
BOTTOM OF THE 6TH
Indianapolis Indians batting - Pitching for Columbus Clippers : RHP Gregg Peterson
Batting: RHB Bryan Dannemiller 0-0: Ball
1-0: Foul Ball, location: 9LMF
1-1: Called Strike
1-2: Ball
2-2: Ball
3-2: Reached on error, E5 (Groundball, 56S, EV 82.5 MPH)
Batting: RHB Andreas Frick 0-0: Ball
1-0: Ball
2-0: Called Strike
2-1: Ball
3-1: Base on Balls
Batting: RHB Kevin Wallace 0-0: Ball
1-0: Called Strike
1-1: Called Strike
1-2: Strikes out looking
Batting: RHB Mike Mellor 0-0: Ball
1-0: Grounds into double play, 5-4-3 (Groundball, 56S, EV 90.0 MPH)
Bottom of the 6th over - 0 runs, 0 hits, 1 error, 1 left on base; Columbus 0 - Indianapolis 1
TOP OF THE 7TH
Columbus Clippers batting - Pitching for Indianapolis Indians : RHP Dale Lydon
Batting: RHB Bill Meller 0-0: Ball
1-0: Ball
2-0: Swinging Strike
2-1: Foul Ball, location: 2F
2-2: Strikes out swinging
Batting: LHB Zachary Moody 0-0: Fly out, F8 (Flyball, 8LD, EV 111.3 MPH)
Batting: LHB Victor Zavala 0-0: DOUBLE (Line Drive, 7LM, EV 108.1 MPH)
Batting: RHB Chris Hubert 0-0: Ball
1-0: Called Strike
1-1: Ground out 5-3 (Groundball, 56, EV 85.0 MPH)
Top of the 7th over - 0 runs, 1 hit, 0 errors, 1 left on base; Columbus 0 - Indianapolis 1
BOTTOM OF THE 7TH
Indianapolis Indians batting - Pitching for Columbus Clippers : RHP Gregg Peterson
Batting: LHB Joe Williams 0-0: Called Strike
0-1: Foul Ball, location: 2F
0-2: Ball
1-2: Ball
2-2: SINGLE (Line Drive, 3D, EV 97.5 MPH)
Batting: LHB Tommy Marcinczyk Jr. 0-0: Foul Ball, location: 25FF
0-1: Ball
1-1: Swinging Strike
1-2: Fly out, F3 (Popup, 34S, EV 68.1 MPH)
Batting: RHB Miguel Medina 0-0: Ball
1-0: Fly out, F7 (Flyball, 7S, EV 83.8 MPH)
Batting: RHB Jeremiah Coleman 0-0: Ground out 5-3 (Groundball, 25, EV 86.3 MPH)
Bottom of the 7th over - 0 runs, 1 hit, 0 errors, 1 left on base; Columbus 0 - Indianapolis 1
TOP OF THE 8TH
Columbus Clippers batting - Pitching for Indianapolis Indians : RHP Dale Lydon
Pitching: RHP Ken Gattenby
Batting: RHB Jody Gibson 0-0: Ball
1-0: Called Strike
1-1: Ball
2-1: Ball
3-1: Foul Ball, location: 2F
3-2: Strikes out looking
Batting: RHB John Walko 0-0: DOUBLE (Line Drive, 9LD, EV 103.8 MPH)
Batting: RHB Alex Avelar 0-0: Ball
1-0: Foul Ball, location: 2F
1-1: Foul Ball, location: 9LMF
1-2: Ground out 6-3 (Groundball, 6MS, EV 64.4 MPH)
John Walko to third
Batting: RHB Brian Ruble 0-0: Called Strike
0-1: Ball
1-1: Ball
2-1: Ground out 5-3 (Groundball, 56, EV 105.6 MPH)
Top of the 8th over - 0 runs, 1 hit, 0 errors, 1 left on base; Columbus 0 - Indianapolis 1
BOTTOM OF THE 8TH
Indianapolis Indians batting - Pitching for Columbus Clippers : RHP Gregg Peterson
Pitching: RHP Raul Cano
Batting: SHB Bob Peterson 0-0: Called Strike
0-1: Swinging Strike
0-2: Foul Ball, location: 2F
0-2: Ground out 3-1 (Groundball, 34S, EV 103.8 MPH)
Batting: RHB Bryan Dannemiller 0-0: Ball
1-0: Called Strike
1-1: Swinging Strike
1-2: Ball
2-2: Ball
3-2: Strikes out swinging
Batting: RHB Andreas Frick 0-0: Fly out, F6 (Popup, 6MS, EV 88.8 MPH)
Bottom of the 8th over - 0 runs, 0 hits, 0 errors, 0 left on base; Columbus 0 - Indianapolis 1
TOP OF THE 9TH
Columbus Clippers batting - Pitching for Indianapolis Indians : RHP Ken Gattenby
Batting: LHB Donny Liebler 0-0: Called Strike
0-1: Ball
1-1: Ground out 6-3 (Groundball, 4M, EV 80.6 MPH)
Batting: RHB Bill Meller 0-0: Ball
1-0: Foul Ball, location: 7LMF
1-1: Ball
2-1: Swinging Strike
2-2: Ball
3-2: Foul Ball, location: 2F
3-2: Strikes out swinging
Batting: LHB Zachary Moody 0-0: Called Strike
0-1: Ball
1-1: Ground out 6-3 (Groundball, 4, EV 110.0 MPH)
Top of the 9th over - 0 runs, 0 hits, 0 errors, 0 left on base; Columbus 0 - Indianapolis 1
Tuesday, May 7th , 2024 - OOTP Baseball 24.11 Build 85